 Dungeon Crawl Stone Soup version 0.19.1 (console) character file.

174 odiv the Slasher (level 5, 0/38 HPs)
             Began as a Mummy Warper on Nov 25, 2016.
             Slain by an iguana (11 damage)
             ... on level 4 of the Dungeon.
             The game lasted 00:10:04 (3628 turns).

odiv the Slasher (Mummy Warper)                     Turns: 3628, Time: 00:10:04

Health: 0/38       AC:  8    Str: 15    XL:     5   Next: 28%
Magic:  8/8        EV: 11    Int: 13    God:
Gold:   159        SH:  0    Dex: 11    Spells: 1 memorised, 6 levels left

rFire  x . .     SeeInvis .     l - -2 spear (curse)
rCold  + + .     Gourm    .     f - +0 leather armour
rNeg   + + +     Faith    .     (no shield)
rPois  ∞         Spirit   .     b - +1 helmet
rElec  .         Reflect  .     o - +0 cloak
rCorr  .         Harm     .     m - +0 pair of gloves
MR     .....     Rnd*Tele +     h - +0 pair of boots
Stlth  +.........               (no amulet)
                                n - ring of protection from cold
                                r - ring of teleportation (curse)

@: no status effects
A: no food or potions, fire vulnerability, cold resistance 1, negative energy
resistance 3, torment resistance, unbreathing
a: no special abilities


You were on level 4 of the Dungeon.
You were not hungry.

You visited 1 branch of the dungeon, and saw 4 of its levels.

You collected 159 gold pieces.

Inventory:

Hand Weapons
 a - a +1 falchion
 k - a +0 dagger
 l - a cursed -2 spear (weapon)
Missiles
 e - 4 tomahawks of dispersal
 g - 18 stones (quivered)
 p - 19 poisoned needles
Armour
 b - a +1 helmet (worn)
 f - a +0 leather armour (worn)
 h - a +0 pair of boots (worn)
 m - a +0 pair of gloves (worn)
 o - a +0 cloak (worn)
Jewellery
 j - an uncursed ring of magical power
 n - a ring of protection from cold (right hand)
 r - a cursed ring of teleportation (left hand)
Scrolls
 i - 2 scrolls of enchant weapon
 q - 6 scrolls of identify
Books
 c - a book of Spatial Translocations

   Spells                             Type                      Level
   a - Blink                          Translocation                2
   b - Shroud of Golubria             Charms/Translocation         2
   c - Lesser Beckoning               Translocation                3
   d - Portal Projectile              Translocation                3
   e - Teleport Other                 Translocation                3
   f - Passage of Golubria            Translocation                4


   Skills:
 - Level 2.0 Fighting
 + Level 3.6 Long Blades
 - Level 0.8 Throwing
 - Level 0.7 Armour
 - Level 1.5 Dodging
 - Level 2.0 Spellcasting
 + Level 3.6 Translocations


You had 6 spell levels left.
You knew the following spells:

 Your Spells              Type           Power        Failure   Level  Hunger
b - Blink                 Tloc           N/A          12%         2    N/A

Dungeon Overview and Level Annotations

Branches:
Dungeon (4/15)
 Temple: D:4-7

Altars:

Annotations:
D:3 Sigmund


Innate Abilities, Weirdness & Mutations

You do not eat or drink.
Your flesh is vulnerable to fire.
You are immune to poison.
Your flesh is cold resistant. (rC+)
You are immune to negative energy. (rN+++)
You are immune to unholy pain and torment.
You can survive without breathing.


Message History

The iguana bites you!
You closely miss the iguana.
The iguana is moderately wounded.
The iguana bites you.
You hit the iguana.
The iguana is heavily wounded.
The iguana barely misses you.
You closely miss the iguana.
The iguana is heavily wounded.
The iguana closely misses you.
You hit the iguana but do no damage.
The iguana is heavily wounded.
The iguana bites you.
* * * LOW HITPOINT WARNING * * *
You are too injured to fight recklessly!
You are too injured to fight recklessly!
You hit the iguana but do no damage.
The iguana is heavily wounded.
The iguana barely misses you. The iguana bites you!
You die...

*,* *,,,,* *,#####
*,**** #.#...# *,#
#.#..># *.#
##.#...###.#
#.........(##*******
#......)..((.,,,,,,*
#(.......(#*******,*
***#.@l#*** *,***
#...# *,**, #...#
***,, ##.##
#####_,,* #.#
#...#**,, #.# #.###
**, #[# #.# ** #.#
#.# *, #.#
######.######.


You could see an iguana.

Vanquished Creatures
  A centaur skeleton (D:4)
  An iguana (D:4)
  A worker ant (D:4)
  4 adders
  An ooze (D:1)
  An adder skeleton (D:4)
  3 leopard geckos
  4 giant cockroaches
  6 hobgoblins
  5 jackals
  3 ball pythons
  3 bats
  2 frilled lizards
  5 goblins
  3 kobolds
  10 rats
53 creatures vanquished.

Vanquished Creatures (collateral kills)
  A worm (D:2)
1 creature vanquished.

Grand Total: 54 creatures vanquished

Notes
Turn   | Place    | Note
-------+----------+-------------------------------------------
     0 | D:1      | odiv the Mummy Warper began the quest for the Orb.
     0 | D:1      | Reached XP level 1. HP: 16/16 MP: 3/3
   290 | D:2      | Reached XP level 2. HP: 22/22 MP: 5/5
   300 | D:2      | Learned a level 2 spell: Blink
   655 | D:2      | Reached XP level 3. HP: 27/27 MP: 6/6
  2119 | D:2      | Reached XP level 4. HP: 33/33 MP: 7/7
  2397 | D:3      | Noticed Sigmund
  3019 | D:4      | Reached XP level 5. HP: 3/38 MP: 1/8
  3628 | D:4      | Slain by an iguana

Skill      XL: |  1  2  3  4 |
---------------+-------------+-----
Long Blades    | 2 3 |  3.6
Translocations | 3 |  3.6
Fighting       | |  2.0
Throwing       | |  0.8
Armour         | |  0.7
Dodging        | |  1.5
Spellcasting   | |  2.0

Action                   |  1- 3 |  4- 6 || total
-------------------------+-------+-------++-------
Melee: Falchion          |    44 |       ||    44
       Spear             |   125 |   131 ||   256
Throw: Stone             |    30 |    34 ||    64
       Tomahawk          |       |     1 ||     1
 Cast: Blink             |       |     8 ||     8
  Use: Scroll            |     9 |     3 ||    12
Armor: Leather armour    |    38 |    58 ||    96
Dodge: Dodged            |   104 |    96 ||   200
       Rpst.: Falchion   |    13 |       ||    13
